 Dungeon Crawl Stone Soup version 0.23-a0-650-ga4d50d4 (webtiles) character file.

9233 Borgoz the Cleaver (level 11, -2/99 HPs)
             Began as a Hill Orc Fighter on Jan 2, 2019.
             Was a Believer of Ashenzari.
             Slain by an unseen horror (9 damage)
             ... on level 10 of the Dungeon.
             The game lasted 00:24:18 (9880 turns).

Borgoz the Cleaver (Hill Orc Fighter)               Turns: 9880, Time: 00:24:19

Health: -2/99      AC:  7    Str: 27    XL:     11   Next: 43%
Magic:  11/11      EV: 11    Int: 13    God:    Ashenzari [**....]
Gold:   354        SH: 12    Dex: 13    Spells: 10/10 levels left

rFire    + + .     SeeInvis .   a - +2 war axe (venom)
rCold    . . .     Gourm    .   c - +0 shield
rNeg     . . .     Faith    .   v - +1 ring mail of the Falcon {Str+7}
rPois    .         Spirit   .   (no helmet)
rElec    .         Reflect  .   (no cloak)
rCorr    .         Harm     .   (no gloves)
MR       .....                  (no boots)
Stlth    +.........             G - amulet of rage
HPRegen  0.26/turn              C - ring of protection from fire
MPRegen  0.12/turn              (no ring)

@: brilliant, hasted, drained, very quick
A: fire resistance 1, sense surroundings 1
a: Curse Item, Scrying, Renounce Religion, Evoke Berserk Rage


You were on level 10 of the Dungeon.
You worshipped Ashenzari.
Ashenzari was pleased with you.
You were not hungry.

You visited 2 branches of the dungeon, and saw 11 of its levels.

You collected 438 gold pieces.
You spent 84 gold pieces at shops.

Inventory:

Hand Weapons
 a - a +2 war axe of venom (weapon)
 g - a +3 hand axe
 r - a +2 whip of flaming
 z - a +2 vampiric dagger
 D - a +0 vampiric dagger
 L - a cursed +5 dagger of freezing
Missiles
 E - 10 tomahawks (quivered)
Armour
 c - a +0 shield (worn)
 v - the +1 ring mail of the Falcon (worn) {Str+7}
   (You found it on level 4 of the Dungeon)

   It affects your strength (+7).
 M - the cursed +0 scale mail of the Morning Star {rC+ Dex+2}
   (You found it on level 9 of the Dungeon)

   It affects your dexterity (+2).
   It protects you from cold.
   It has a curse placed upon it.
Jewellery
 C - a ring of protection from fire (left hand)
 G - an amulet of rage (around neck)
Wands
 o - a wand of scattershot (7)
 x - a wand of paralysis (6)
 J - a wand of polymorph (7)
Scrolls
 b - 4 scrolls of identify {unknown}
 h - 2 scrolls of amnesia {unknown}
 i - 2 scrolls of blinking {unknown}
 j - 2 scrolls of magic mapping {unknown}
 k - 6 scrolls of teleportation
 l - 7 scrolls of remove curse
 m - a scroll of fear {unknown}
 n - 2 scrolls of fog {unknown}
 t - 2 scrolls of random uselessness {unknown}
 u - a scroll of immolation {unknown}
 y - 2 scrolls of enchant armour {unknown}
Potions
 d - 2 potions of might
 e - 5 potions of agility
 p - a potion of lignification
 q - 2 potions of mutation
 s - a potion of invisibility {unknown}
 w - a potion of brilliance
 A - a potion of haste
 B - a potion of magic {unknown}
 F - a potion of curing
 H - a potion of degeneration {unknown}
 I - a potion of heal wounds {unknown}
Comestibles
 f - 18 rations
 N - a chunk of flesh


   Skills:
 + Level 9.7(9.4) Fighting
 + Level 14.1(13.7) Axes
 + Level 8.2(7.9) Armour
 + Level 4.2(3.9) Dodging
 + Level 1.4(1.1) Stealth
 + Level 8.3(8.0) Shields
 + Level 0.6(0.4) Evocations


You had 10 spell levels left.
You didn't know any spells.
Your spell library was empty.

Dungeon Overview and Level Annotations

Branches:
Dungeon (10/15)            Temple (1/1) D:4             Orc (0/2) D:9
   Lair: D:8-11

Altars:
Ashenzari
Cheibriados
Dithmenos
Elyvilon
Fedhas
Gozag
Hepliaklqana
Kikubaaqudgha
Makhleb
Nemelex Xobeh
Okawaru
Qazlal
Ru
Sif Muna
Trog
Uskayaw
Vehumet
Wu Jian
Xom
Yredelemnul
Zin
The Shining One
Lugonu

Shops:
D:5 *   D:10 :


Innate Abilities, Weirdness & Mutations

Your flesh is heat resistant. (rF+)
You passively map a small area around you.


Message History

* * * LOW HITPOINT WARNING * * *
You bump into the rock wall.
Something hits you.
* * * LOW HITPOINT WARNING * * *
Something hits you but does no damage.
You miss something. Something hits you but does no damage.
It was a potion of brilliance.
You feel clever all of a sudden.
You feel less invigorated.
You feel less confused. Something hits you!
* * * LOW HITPOINT WARNING * * *
It was a potion of haste.
You feel yourself speed up. You block something's attack. Something hits you.
* * * LOW HITPOINT WARNING * * *
It was a potion of curing.
You feel better. You block something's attack. You block something's attack.
Something hits you!
* * * LOW HITPOINT WARNING * * *
Something hits you!
You die...

,
+........#..........#....
, ,
##+####'##..........#....
,....................#....
*
....................#..##
,
,.............)).....#..#.
..............).....'..#.
....................#..#.
*##########..........#..+.
, ,,,
+...@'..........####. , ,
#...{#<...........,..
###+##............... * ,,
*#.†.#.............
........†..........####
...................# , ,
...................# ,
...................#
≈≈≈;≈.≈≈≈≈≈≈≈≈≈≈...


There were no monsters in sight!

Vanquished Creatures
  2 two-headed ogres (D:9)
  Pikel (D:6)
  Joseph (D:7)
  A queen bee (D:8)
  3 trolls
  A hippogriff (D:6)
  6 yaks
  2 hungry ghosts
  Menkaure (D:7)
  Edmund (D:6)
  4 slaves (D:6)
  2 black bears (D:7)
  4 orc warriors
  2 sky beasts
  7 ogres
  3 phantoms
  3 centaurs
  A crocodile (D:8)
  5 bullfrogs
  A wyvern zombie (D:6)
  A water moccasin zombie (D:10)
  14 killer bees (D:8)
  9 wights
  4 howler monkeys
  3 crimson imps
  5 jellies
  A bullfrog zombie (D:6)
  5 orc priests
  2 bullfrog skeletons
  2 centaur skeletons
  3 hounds
  4 iguanas
  Terence (D:3)
  6 orc wizards
  5 worker ants
  2 hound skeletons (D:4)
  2 worker ant zombies
  8 adders
  A white imp (D:6)
  An ooze (D:2)
  2 adder skeletons (D:4)
  4 dart slugs
  9 worms
  2 leopard geckos (D:9)
  30 orcs
  2 ball pythons
  3 giant cockroaches
  2 goblins
  9 hobgoblins
  16 jackals
  10 kobolds
  6 quokkas
  4 bats
  4 frilled lizards
  A leopard gecko skeleton (D:4)
  A quokka skeleton (D:8)
  16 rats
251 creatures vanquished.

Notes
Turn   | Place    | Note
-------+----------+-------------------------------------------
     0 | D:1      | Borgoz the Hill Orc Fighter began the quest for the Orb.
     0 | D:1      | Reached XP level 1. HP: 19/19 MP: 1/1
    56 | D:1      | Reached skill level 3 in Axes
    61 | D:1      | Reached XP level 2. HP: 22/27 MP: 2/2
   147 | D:1      | You fall through a shaft!
   480 | D:2      | Found a shattered altar of Ashenzari.
   488 | D:2      | Became a worshipper of Ashenzari the Shackled
   548 | D:2      | Reached XP level 3. HP: 29/33 MP: 3/3
   765 | D:1      | Reached XP level 4. HP: 36/40 MP: 4/4
   916 | D:1      | Reached skill level 4 in Axes
  1653 | D:3      | Noticed Terence
  1667 | D:3      | Killed Terence
  1667 | D:3      | Reached XP level 5. HP: 46/47 MP: 5/5
  2004 | D:3      | Reached skill level 5 in Axes
  2024 | D:3      | Found an opulent altar of Gozag.
  2024 | D:3      | Found a snail-covered altar of Cheibriados.
  2025 | D:3      | Found a sacrificial altar of Ru.
  2300 | D:3      | Reached * piety under Ashenzari
  2442 | D:4      | Found a staircase to the Ecumenical Temple.
  2448 | Temple   | Entered the Ecumenical Temple
  2705 | D:4      | Got the uncursed ring mail of the Falcon {Str+7}
  2716 | D:4      | Identified the +1 ring mail of the Falcon {Str+7} (You
                  | found it on level 4 of the Dungeon)
  2804 | D:4      | Noticed a phantom
  2827 | D:4      | Killed a phantom
  2827 | D:4      | Reached XP level 6. HP: 40/53 MP: 6/6
  2838 | D:4      | Reached skill level 6 in Axes
  3129 | D:4      | Reached XP level 7. HP: 29/60 MP: 7/7
  3271 | D:4      | Reached skill level 5 in Fighting
  3593 | D:5      | Entered Level 5 of the Dungeon
  3610 | D:5      | Found Qicacuobb's Assorted Antiques.
  3613 | D:5      | Bought a potion of might for 84 gold pieces
  3627 | D:5      | Reached skill level 7 in Axes
  3694 | D:5      | Reached skill level 1 in Dodging
  3780 | D:5      | Found a shimmering altar of Xom.
  4027 | D:6      | Reached skill level 5 in Armour
  4061 | D:6      | Noticed Edmund
  4078 | D:6      | HP: 2/61 [Edmund/+3 dire flail of crushing (9)]
  4079 | D:6      | Gained mutation: You passively map a small area around you.
                  | [potion of mutation]
  4079 | D:6      | Gained mutation: Your flesh is heat resistant. (rF+)
                  | [potion of mutation]
  4084 | D:6      | Killed Edmund
  4084 | D:6      | Reached skill level 8 in Axes
  4084 | D:6      | Reached XP level 8. HP: 4/69 MP: 8/8
  4574 | D:6      | Noticed Pikel
  4603 | D:6      | Killed Pikel
  4603 | D:6      | Reached skill level 9 in Axes
  4603 | D:6      | Reached skill level 5 in Shields
  4999 | D:6      | Reached ** piety under Ashenzari
  5106 | D:6      | Reached XP level 9. HP: 45/75 MP: 9/9
  5130 | D:6      | Found a radiant altar of Vehumet.
  5722 | D:7      | Reached skill level 10 in Axes
  6131 | D:7      | Found an opulent altar of Gozag.
  6175 | D:7      | Reached skill level 1 in Stealth
  6287 | D:7      | Found a blossoming altar of Fedhas.
  6288 | D:7      | Noticed Menkaure
  6289 | D:7      | Found a stormy altar of Qazlal.
  6301 | D:7      | Killed Menkaure
  6388 | D:7      | Noticed Joseph
  6405 | D:7      | Killed Joseph
  6405 | D:7      | Reached skill level 11 in Axes
  6420 | D:7      | Found an iron altar of Okawaru.
  6760 | D:7      | Found a glowing silver altar of Zin.
  6760 | D:7      | Noticed an angel
  6907 | D:8      | Found a burning altar of Makhleb.
  6924 | D:8      | Noticed a queen bee
  6928 | D:8      | Reached XP level 10. HP: 80/86 MP: 10/10
  7401 | D:8      | Reached skill level 12 in Axes
  8245 | D:9      | Noticed a two-headed ogre
  8560 | D:9      | Noticed a two-headed ogre
  8569 | D:9      | Killed a two-headed ogre
  8792 | D:9      | Reached skill level 13 in Axes
  8847 | D:9      | Reached XP level 11. HP: 32/97 MP: 11/11
  9158 | D:9      | Found a staircase to the Orcish Mines.
  9311 | D:9      | Found a shadowy altar of Dithmenos.
  9311 | D:9      | Found a deep blue altar of Sif Muna.
  9350 | D:9      | Reached *** piety under Ashenzari
  9401 | D:9      | Killed a two-headed ogre
  9636 | D:9      | Reached skill level 14 in Axes
  9702 | D:9      | Got the cursed scale mail of the Morning Star {rC+ Dex+2}
  9717 | D:10     | Entered Level 10 of the Dungeon
  9744 | D:10     | Found Muvue's Book Shoppe.
  9868 | D:10     | HP: 4/99 [something (10)]
  9880 | D:10     | Slain by an unseen horror

Vault maps used:
D:1:      saegor_arrival_simple_c, minmay_rat_gold_closets
D:2:      cheibrodos_old_hovel, old_standard_altar, kennysheep_generic_room_4
D:3:      gammafunk_temple_overflow_claw, hex_large, uniq_terence
D:4:      minmay_temple_entry_hall
D:5:      lemuel_crystal_altar, serial_shops, nicolae_shop_behind_doors,
          first_ration, grunt_decor_one_mirror
D:6:      lemuel_round_altar, minmay_fire_ice_demons, uniq_edmund, uniq_pikel
D:7:      grunt_temple_overflow_forces_of_nature, zin_angel,
          lemuel_doored_altar, nicolae_gozag_cash_rules_everything_around_me,
          uniq_menkaure, uniq_joseph
D:8:      lemuel_round_altar, david_nohive_1
D:9:      gammafunk_temple_overflow_elements, erik_orc_4
D:10:     lemuel_troll_bridge, serial_shops, shop, minmay_ruined_shrine
Temple:   kb_corrupted_temple

Skill      XL: |  1  2  3  4  5  6  7  8  9 10 11 |
---------------+----------------------------------+-----
Axes           | 3 4 5 6 8 9 11 13 14 | 14.1
Fighting       | 4 5 6 7 9 |  9.7
Armour         | 4 5 6 7 8 |  8.2
Shields        | 4 5 6 7 8 |  8.3
Dodging        | 1 2 3 4 |  4.2
Stealth        | 1 |  1.4
Evocations     | |  0.6

Action                   |  1- 3 |  4- 6 |  7- 9 | 10-12 || total
-------------------------+-------+-------+-------+-------++-------
Melee: War axe           |   106 |    16 |    32 |   303 ||   457
       Hand axe          |       |   171 |   269 |       ||   440
 Abil: Evoke Berserk Rag |       |       |       |     1 ||     1
Evoke: Wand              |       |       |       |     1 ||     1
  Use: Potion            |       |       |     5 |     5 ||    10
       Scroll            |       |       |       |     1 ||     1
 Stab: Paralysed         |       |       |       |     2 ||     2
  Eat: Chunk             |       |     7 |    11 |    10 ||    28
       Ration            |       |       |     2 |     1 ||     3
Armor: Scale mail        |    42 |    48 |       |       ||    90
       Ring mail         |       |    11 |    84 |    47 ||   142
       Skin              |       |       |       |     7 ||     7
Dodge: Dodged            |    35 |    49 |   107 |   106 ||   297
Block: Shield            |    46 |    74 |   141 |   195 ||   456

Table legend:
 A = Non-vault XP
 B = Vault XP
 C = Vault XP percentage of total XP
 D = Non-vault monster count
 E = Vault monster count
 F = Vault count percentage of total count
                 A         B        C        D         E       F
            +---------+---------+-------+---------+---------+-------
      Total |    9590 |    3601 |  27.3 |     202 |      45 |  18.2
            +---------+---------+-------+---------+---------+-------
        D:1 |      41 |       6 |  12.8 |      21 |       6 |  22.2
        D:2 |      99 |       2 |   2.0 |      31 |       1 |   3.1
        D:3 |      60 |      36 |  37.5 |      16 |       1 |   5.9
        D:4 |     525 |       0 |   0.0 |      14 |       0 |   0.0
        D:5 |     117 |       0 |   0.0 |       9 |       0 |   0.0
        D:6 |    1098 |     900 |  45.0 |      22 |       4 |  15.4
        D:7 |    1003 |     638 |  38.9 |      12 |       2 |  14.3
        D:8 |    1742 |    1170 |  40.2 |      35 |      15 |  30.0
        D:9 |    4553 |     420 |   8.4 |      36 |      14 |  28.0
       D:10 |     352 |     429 |  54.9 |       6 |       2 |  25.0
            +---------+---------+-------+---------+---------+-------
